 Dungeon Sprint DCSS version 0.22-a0-322-g60b3cfd (webtiles) character file.

256 emperorscorpion the Arsonist (level 5, -6/28 HPs)
             Began as a Deep Elf Fire Elementalist on Apr 5, 2018.
             Was an Initiate of Sif Muna.
             Mangled by a fire vortex (19 damage)
             ... summoned by miscasting Fireball
             ... in the Dungeon (Sprint IX: "|||||||||||||||||||||||||||||").
             The game lasted 00:02:13 (220 turns).

emperorscorpion the Arsonist (DEFE)                  Turns: 220, Time: 00:02:13

Health: -6/28      AC: 11    Str:  5    XL:     5   Next: 92%
Magic:  2/17       EV: 19    Int: 21    God:    Sif Muna [......]
Gold:   0          SH:  0    Dex: 15    Spells: 7/20 levels left

rFire    . . .     SeeInvis .   a - +2 halberd (protect)
rCold    . . .     Gourm    .   (shield currently unavailable)
rNeg     . . .     Faith    .   o - +0 robe
rPois    .         Spirit   .   (no helmet)
rElec    .         Reflect  .   (no cloak)
rCorr    .         Harm     .   q - +0 pair of gloves
MR       .....     NoTele   +   p - +0 pair of boots
Stlth    +++.......             (no amulet)
HPRegen  0.09/turn              s - +2 ring of evasion
MPRegen  0.15/turn              t - +2 ring of evasion

@: protection aura, very slightly contaminated
A: no striking features
a: Renounce Religion


You were in the Dungeon.
You worshipped Sif Muna.
Sif Muna was noncommittal.
You were not hungry.

You visited 1 branch

Inventory:

Hand Weapons
 a - a +2 halberd of protection (weapon)
 m - a +1 broad axe of flaming
 n - the +2 dire flail "Kutuxt" {flame, rF- Str+6 Int+2 Dex+3}
   (You found it in the Dungeon)

   It has been specially enchanted to burn those struck by it, causing extra
   injury to most foes and up to half again as much damage against particularly
   susceptible opponents.
   It affects your strength (+6).
   It affects your intelligence (+2).
   It affects your dexterity (+3).
   It makes you vulnerable to fire.
Armour
 o - a +0 robe (worn)
 p - a +0 pair of boots (worn)
 q - a +0 pair of gloves (worn)
 r - a +1 chain mail
Magical Staves
 b - an uncursed staff of energy
Jewellery
 s - a +2 ring of evasion (left hand)
 t - a +2 ring of evasion (right hand)
Wands
 k - a wand of acid (10)
Scrolls
 h - 3 scrolls of remove curse
 i - 2 scrolls of blinking
 j - 2 scrolls of amnesia
Potions
 d - 5 potions of curing
 e - 3 potions of heal wounds
 f - a potion of invisibility
 g - 4 potions of magic
Comestibles
 c - a ration
 l - 6 chunks of flesh


   Skills:
 + Level 5.3 Dodging
 + Level 5.8 Stealth
 + Level 0.4 Unarmed Combat
 + Level 8.0 Spellcasting
 + Level 2.9 Conjurations
 + Level 10.1 Fire Magic


You had 7 spell levels left.
You knew the following spells:

 Your Spells              Type           Power        Failure   Level  Hunger
a - Flame Tongue          Conj/Fire      #####        1%          1    None
b - Sticky Flame          Conj/Fire      #####...     5%          4    ###....
c - Fireball              Conj/Fire      #####.....   16%         5    #####..
d - Conjure Flame         Conj/Fire      #####...     1%          3    None


Dungeon Overview and Level Annotations

Branches:
Dungeon (1/1)

Altars:
Cheibriados
Dithmenos
Elyvilon
Fedhas
Gozag
Hepliaklqana
Kikubaaqudgha
Makhleb
Nemelex Xobeh
Okawaru
Qazlal
Ru
Sif Muna
Trog
Uskayaw
Vehumet
Wu Jian
Xom
Yredelemnul
Zin
The Shining One
Beogh
Jiyva
Lugonu


Message History

Press: ? - help, Shift-Dir - straight line, f/p - ogre
Aim: an ogre, wielding a giant club (heavily wounded)
You miscast Fireball.
You are very lightly contaminated with residual magic.
Fire whirls out from your hands! 2 fire vortices come into view.
Things that are here:
a +2 scimitar of slicing; a +0 lajatang; a +2 rapier of distortion You hit the fire vortex.
Your weapon exudes an aura of protection.
The fire vortex is moderately damaged.
You hit the fire vortex.
The fire vortex is lightly damaged.
The fire vortex closely misses you.
You puncture the fire vortex!
The fire vortex is heavily damaged.
The fire vortex closely misses you. The fire vortex hits you.
The fire vortex burns you!
Ouch! That really hurt!
You die...

▓O▓
▓v▓
▓.▓
▓.▓
▓)▓
▓.▓
▓.▓
▓.▓
▓@▓
▓_▓
▓_▓
▓_▓
▓_▓
▓_▓
▓_▓
▓_▓
▓_▓


You could see a fire vortex.

Vanquished Creatures
  A sky beast (D)
  A centaur (D)
  An ogre (D)
  A scorpion (D)
  An adder (D)
  A shadow imp (D)
  A goblin (D)
  3 hobgoblins (D)
  A jackal (D)
11 creatures vanquished.

Notes
Turn   | Place    | Note
-------+----------+-------------------------------------------
     0 | D        | emperorscorpion the Deep Elf Fire Elementalist began the quest for the Orb.
     0 | D        | Reached XP level 1. HP: 10/10 MP: 6/6
     5 | D        | Reached skill level 4 in Fire Magic
    67 | D        | Noticed a centaur
    67 | D        | Noticed a sky beast
    67 | D        | Noticed a scorpion
    67 | D        | Noticed an ogre
    76 | D        | Killed an ogre
    76 | D        | Reached skill level 5 in Spellcasting
    76 | D        | Reached skill level 7 in Fire Magic
    76 | D        | Reached XP level 2. HP: 15/15 MP: 4/10
    76 | D        | Reached XP level 3. HP: 19/19 MP: 4/12
    76 | D        | Reached XP level 4. HP: 24/24 MP: 4/13
    83 | D        | Reached skill level 5 in Stealth
    83 | D        | Reached skill level 8 in Fire Magic
    83 | D        | Reached XP level 5. HP: 28/28 MP: 0/16
    89 | D        | Killed a sky beast
    89 | D        | Reached skill level 9 in Fire Magic
    96 | D        | Killed a centaur
    96 | D        | Reached skill level 5 in Dodging
    96 | D        | Reached skill level 10 in Fire Magic
   103 | D        | Learned a level 4 spell: Sticky Flame
   109 | D        | Learned a level 5 spell: Fireball
   118 | D        | Found a roughly hewn altar of Beogh.
   118 | D        | Found a snail-covered altar of Cheibriados.
   118 | D        | Found a shadowy altar of Dithmenos.
   118 | D        | Found a white marble altar of Elyvilon.
   118 | D        | Found a blossoming altar of Fedhas.
   118 | D        | Found an opulent altar of Gozag.
   119 | D        | Found a hazy altar of Hepliaklqana.
   120 | D        | Found a viscous altar of Jiyva.
   121 | D        | Found an ancient bone altar of Kikubaaqudgha.
   122 | D        | Found a corrupted altar of Lugonu.
   123 | D        | Found a burning altar of Makhleb.
   124 | D        | Found a sparkling altar of Nemelex Xobeh.
   125 | D        | Found an iron altar of Okawaru.
   126 | D        | Found a stormy altar of Qazlal.
   127 | D        | Found a sacrificial altar of Ru.
   128 | D        | Found a deep blue altar of Sif Muna.
   129 | D        | Found a bloodstained altar of Trog.
   130 | D        | Found a hide-covered altar of Uskayaw.
   131 | D        | Found a radiant altar of Vehumet.
   132 | D        | Found an ornate altar of the Wu Jian Council.
   133 | D        | Found a shimmering altar of Xom.
   134 | D        | Found a basalt altar of Yredelemnul.
   135 | D        | Found a glowing silver altar of Zin.
   136 | D        | Became a worshipper of Sif Muna the Loreminder
   137 | D        | Found a glowing golden altar of the Shining One.
   155 | D        | Got the +2 dire flail "Kutuxt" {flame, rF- Str+6 Int+2 Dex+3}
   203 | D        | Learned a level 3 spell: Conjure Flame
   203 | D        | Noticed a hippogriff
   203 | D        | Noticed a hungry ghost
   203 | D        | Noticed a troll
   203 | D        | Noticed an ogre
   220 | D        | Mangled by a fire vortex

Vault maps used:
D:        linesprint

Skill      XL: |  1  2  3  4  5 |
---------------+----------------+-----
Fire Magic     | 7 8 10 | 10.1
Stealth        | 4 5 |  5.8
Dodging        | 4 5 |  5.3
Spellcasting   | 5 6 8 |  8.0
Conjurations   | 2 |  2.9
Unarmed Combat | |  0.4

Action                   |  1- 3 |  4- 6 || total
-------------------------+-------+-------++-------
Melee: Unarmed           |       |    11 ||    11
       Halberd           |       |     3 ||     3
 Cast: Flame Tongue      |     7 |     6 ||    13
       Fireball          |       |     1 ||     1
       Conjure Flame     |       |     1 ||     1
       Sticky Flame      |       |     1 ||     1
  Use: Potion            |     1 |     1 ||     2
Armor: Robe              |       |     1 ||     1
Dodge: Dodged            |       |     7 ||     7

Table legend:
 A = Spawn XP
 B = Non-spawn XP
 C = Spawn XP percentage of total XP
 D = Spawn monster count
 E = Non-spawn monster count
 F = Spawn count percentage of total count
 G = Total turns spent on level
                    A         B        C        D         E        F      G
               +---------+---------+-------+---------+---------+-------+---------
         Total |       0 |     366 |   0.0 |       0 |      11 |   0.0 |   220
               +---------+---------+-------+---------+---------+-------+---------
             D |       0 |     366 |   0.0 |       0 |      11 |   0.0 |   220
               +---------+---------+-------+---------+---------+-------+---------
